 Dungeon Crawl Stone Soup version 0.31.0-9-g3a7656b989 (webtiles) character file.

Game seed: 1219445306685976009

32 qw the Shooter (level 3, -3/20 HPs)
             Began as a Deep Elf Hunter on Feb 2, 2024.
             Slain by a ribbon worm (6 damage)
             ... on level 2 of the Dungeon.
             The game lasted 00:00:02 (561 turns).

qw the Shooter (Deep Elf Hunter)                     Turns: 561, Time: 00:00:02

Health: -3/20      AC:  6    Str: 10    XL:     3   Next: 8%
Magic:  5/5        EV:  6    Int: 13    God:
Gold:   28         SH:  0    Dex: 18    Spells: 2/2 levels left

rFire   . . .        a - +0 shortbow
rCold   . . .        (shield currently unavailable)
rNeg    . . .        i - +0 scale mail
rPois   .            (no helmet)
rElec   .            (no cloak)
rCorr   .            (no gloves)
SInv    .            (no boots)
Will    .....        (no amulet)
Stlth   +            (no ring)
HPRegen 0.23/turn    (no ring)
MPRegen 0.09/turn

%: no passive effects
@: constricted
A: no striking features
a: no special abilities


You were on level 2 of the Dungeon.
You visited 1 branch of the dungeon, and saw 2 of its levels.

You collected 28 gold pieces.


   Skills:
 - Level 1.5 Fighting
 + Level 6.7 Ranged Weapons
 - Level 2.4 Dodging
 - Level 1.2 Stealth


You had 2 spell levels left.
You didn't know any spells.
Your spell library was empty.

Inventory:

Hand Weapons
 a - a +0 shortbow (weapon)
Armour
 i - a +0 scale mail (worn)
Potions
 h - a potion of curing

Dungeon Overview and Level Annotations

Branches:
Dungeon (2/15)

Altars:


Message History

The adder bites you but does no damage.
You shoot an arrow. The arrow hits the adder.
The adder is almost dead.
The adder barely misses you. The ribbon worm bites you. The adder bites you.
The ribbon worm bites you.
You shoot an arrow. The arrow barely misses the adder.
The adder closely misses you. The adder barely misses you.
The ribbon worm bites you but does no damage.
You shoot an arrow. The arrow misses the adder.
The adder bites you but does no damage. The adder barely misses you.
The ribbon worm bites you.
You shoot an arrow. The arrow hits the adder.
You kill the adder!
The ribbon worm bites you.
A ball python comes into view.
You have reached level 3!
Your experience leads to an increase in your attributes!
Increase (S)trength, (I)ntelligence, or (D)exterity?
You feel stronger. x2
You shoot an arrow. The ball python hisses angrily.
The arrow hits the ribbon worm!
The ribbon worm is heavily wounded.
The ribbon worm expels a string of sticky webbing.
The stream of webbing hits you but does no damage.
You are caught in a web!
The web tears apart.
The ribbon worm bites you but does no damage.
You shoot an arrow. The arrow hits the ribbon worm.
The ribbon worm is severely wounded.
The ribbon worm closely misses you.
You shoot an arrow. The arrow hits the ribbon worm.
The ribbon worm is severely wounded.
The ball python bites you. The ball python grabs you.
The ball python constricts you. The ribbon worm barely misses you.
You shoot an arrow.
The arrow hits the ball python but does no damage.
The ball python bites you but does no damage.
The ball python constricts you. The ribbon worm bites you.
You die...

#########
#.......#
###.......#
#.........# #
#....<....#
#.###..%....#
####.........###
#>....w@.#####
......S........
...!..#########
...... .....
...## ).[ ..


You could see a ribbon worm and a ball python.

Vanquished Creatures
  2 adders (D:2)
  A dart slug (D:1)
  4 ball pythons (D:1)
  2 hobgoblins (D:1)
  A bat (D:1)
  2 frilled lizards (D:1)
  A kobold (D:2)
  2 rats (D:1)
15 creatures vanquished.

Notes
Turn   | Place    | Note
-------+----------+-------------------------------------------
     0 | D:1      | qw the Deep Elf Hunter began the quest for the Orb.
     0 | D:1      | Reached XP level 1. HP: 12/12 MP: 3/3
     0 | D:1      | 0 ||| qw: Version: 0.3-a-155-g5e7d8dd
     0 | D:1      | 0 ||| qw: Game counter: 2127
     0 | D:1      | 0 ||| qw: Melee chars always use a shield: true
     0 | D:1      | 0 ||| qw: God list: Okawaru
     0 | D:1      | 0 ||| qw: Allow faded altars: false
     0 | D:1      | 0 ||| qw: Do Orc after clearing Dungeon:15 true
     0 | D:1      | 0 ||| qw: Do second Lair branch before Depths: true
     0 | D:1      | 0 ||| qw: Lair rune preference: random
     0 | D:1      | 0 ||| qw: Goals: Normal
     0 | D:1      | 0 ||| PLANNING D:1-11
   205 | D:1      | Found a faded altar of an unknown god.
   259 | D:1      | Reached skill level 6 in Ranged Weapons
   259 | D:1      | Reached XP level 2. HP: 16/16 MP: 4/4
   425 | D:1      | 425 ||| UPGRADING to +0 scale mail.
   435 | D:1      | 435 ||| DROPPING +0 leather armour.
   436 | D:1      | 436 ||| READING 2 scrolls labelled BIMMETRYCK.
   436 | D:1      | 436 ||| IDENTIFYING inky potion
   437 | D:1      | 437 ||| READING scroll of identify.
   437 | D:1      | 437 ||| IDENTIFYING dark potion
   438 | D:1      | 438 ||| READING scroll labelled QUZXOUDIOKA.
   468 | D:1      | 468 ||| READING scroll labelled YSENUFAIC.
   469 | D:1      | 469 ||| READING scroll labelled NEAMAH ILOFA.
   473 | D:1      | 473 ||| DRINKING 3 emerald potions.
   474 | D:1      | 474 ||| DROPPING scroll of butterflies.
   475 | D:1      | 475 ||| DROPPING potion of lignification.
   498 | D:2      | 498 ||| STAIRDANCE
   545 | D:2      | HP: 4/16 [ribbon worm (2)]
   546 | D:2      | 546 ||| DRINKING 2 potions of heal wounds.
   550 | D:2      | HP: 4/16 [ribbon worm (2)]
   551 | D:2      | 551 ||| DRINKING potion of heal wounds.
   555 | D:2      | HP: 4/16 [ribbon worm (1)]
   557 | D:2      | Reached XP level 3. HP: 3/20 MP: 5/5
   560 | D:2      | HP: 4/20 [ball python (1)]
   561 | D:2      | Slain by a ribbon worm

Levels and vault maps discovered:
D:1:      dpeg_arrival_boxorama, layout_rooms, ebering_ecumenical_altar_mist
D:2:      layout_basic

Skill      XL: |  1 |
---------------+----+-----
Ranged Weapons | 6 |  6.7
Fighting       | |  1.5
Dodging        | |  2.4
Stealth        | |  1.2

Action                     || total
---------------------------++-------
   Fire: Shortbow          ||    53
    Use: Scroll            ||     5
         Potion            ||     3
 Armour: Leather armour    ||     3
         Scale mail        ||    45
  Dodge: Dodged            ||    22

Table legend:
 A = Non-vault XP
 B = Vault XP
 C = Vault XP percentage of total XP
 D = Non-vault monster count
 E = Vault monster count
 F = Vault count percentage of total count
                 A         B        C        D         E       F
            +---------+---------+-------+---------+---------+-------
      Total |      46 |       0 |   0.0 |      15 |       0 |   0.0
            +---------+---------+-------+---------+---------+-------
        D:1 |      18 |       0 |   0.0 |      12 |       0 |   0.0
        D:2 |      28 |       0 |   0.0 |       3 |       0 |   0.0
            +---------+---------+-------+---------+---------+-------
